 Dungeon Crawl Stone Soup version 0.31-a0-188-g5e087ee2ca (webtiles) character file.

Game seed: 14500314552874923130

28 qw the Shooter (level 2, 0/16 HPs)
             Began as a Deep Elf Hunter on June 23, 2023.
             Slain by Terence
             ... wielding a +0 trident
              (3 damage)
             ... on level 2 of the Dungeon.
             The game lasted 00:00:48 (1100 turns).

qw the Shooter (Deep Elf Hunter)                    Turns: 1100, Time: 00:00:48

Health: 0/16       AC:  5    Str:  8    XL:     2   Next: 96%
Magic:  4/4        EV: 12    Int: 13    God:
Gold:   18         SH:  0    Dex: 18    Spells: 1/1 levels left

rFire   . . .        Y - +0 shortbow
rCold   . . .        (shield currently unavailable)
rNeg    . . .        c - +0 leather armour
rPois   .            (no helmet)
rElec   .            (no cloak)
rCorr   .            (no gloves)
SInv    .            h - +1 pair of boots
Will    .....        l - amulet of faith
Stlth   ++           (no ring)
HPRegen 0.22/turn    (no ring)
MPRegen 0.09/turn

%: faith
@: no status effects
A: no striking features
a: no special abilities


You were on level 2 of the Dungeon.
You visited 1 branch of the dungeon, and saw 2 of its levels.

You collected 18 gold pieces.


   Skills:
 - Level 1.5 Fighting
 + Level 6.6 Ranged Weapons
 - Level 2.4 Dodging
 - Level 1.2 Stealth


You had one spell level left.
You didn't know any spells.
Your spell library was empty.

Inventory:

Hand Weapons
 Y - a +0 shortbow (weapon)
Armour
 c - a +0 leather armour (worn)
 h - a +1 pair of boots (worn)
Jewellery
 l - an amulet of faith (around neck)
Scrolls
 f - a scroll of identify
Potions
 g - a potion of curing
 i - a potion of cancellation {unknown}

Dungeon Overview and Level Annotations

Branches:
Dungeon (2/15)

Altars:

Annotations:
D:2 Terence


Message History

Terence closely misses you.
You shoot an arrow.
The arrow hits Terence but does no damage.
Terence is severely wounded.
Terence barely misses you.
You shoot an arrow. The arrow completely misses Terence.
Terence says, "Don't bother to defend, it's senseless."
Terence hits you from afar with a +0 trident.
You shoot an arrow.
The arrow hits Terence but does no damage.
Terence is severely wounded.
Terence hits you from afar with a +0 trident.
Terence closely misses you.
An endoplasm comes into view.
You shoot an arrow. The arrow hits Terence.
Terence is severely wounded.
Terence hits you from afar with a +0 trident!
1094 ||| DRINKING potion of heal wounds.
You feel much better.
Terence hits you from afar with a +0 trident.
You shoot an arrow. The arrow barely misses Terence.
Terence misses you.
You shoot an arrow. The arrow closely misses Terence.
Terence barely misses you.
You shoot an arrow. The arrow hits Terence.
Terence is almost dead.
Terence hits you from afar with a +0 trident.
You shoot an arrow.
The arrow hits Terence but does no damage.
Terence is almost dead.
Terence closely misses you.
You shoot an arrow. The arrow hits the endoplasm.
The endoplasm is severely wounded.
Terence hits you from afar with a +0 trident.
The endoplasm barely misses you.
You shoot an arrow. The arrow barely misses the endoplasm.
The arrow hits Terence but does no damage.
Terence is almost dead.
Terence hits you from afar with a +0 trident.
You die...

........
##.......
#....... .
###......
..#.......#
..........#
#..)....#
..###.@J@.#
.......<..#
.#######..#
#.....
#.##### #.#
#.# #.# .#


You could see Terence and an endoplasm.

Vanquished Creatures
  A dart slug (D:1)
  An orc (D:2)
  A ball python (D:1)
  A giant cockroach (D:1)
  2 goblins (D:1)
  3 hobgoblins (D:1)
  2 jackals (D:1)
  3 kobolds (D:1)
  A quokka (D:1)
  2 bats (D:1)
  2 frilled lizards (D:1)
  3 rats (D:1)
22 creatures vanquished.

Notes
Turn   | Place    | Note
-------+----------+-------------------------------------------
     0 | D:1      | qw the Deep Elf Hunter began the quest for the Orb.
     0 | D:1      | Reached XP level 1. HP: 12/12 MP: 3/3
     0 | D:1      | 0 ||| qw: Version: 0.3-a-9-g12657ce
     0 | D:1      | 0 ||| qw: Game counter: 4296
     0 | D:1      | 0 ||| qw: Always use a shield: true
     0 | D:1      | 0 ||| qw: God list: Okawaru
     0 | D:1      | 0 ||| qw: Allow faded altars: false
     0 | D:1      | 0 ||| qw: Do Orc after D:15 true
     0 | D:1      | 0 ||| qw: Do second Lair branch before Depths: true
     0 | D:1      | 0 ||| qw: Lair rune preference: random
     0 | D:1      | 0 ||| qw: Plans: Normal
     0 | D:1      | 0 ||| PLANNING D:1-11
   201 | D:1      | Found a faded altar of an unknown god.
   258 | D:1      | Reached XP level 2. HP: 16/16 MP: 4/4
   273 | D:1      | Reached skill level 6 in Ranged Weapons
   798 | D:1      | 798 ||| UPGRADING to +1 pair of boots.
   803 | D:1      | 803 ||| UPGRADING to amulet of faith.
   808 | D:1      | 808 ||| READING 2 scrolls labelled ASODWU QOBROABI.
   809 | D:1      | 809 ||| READING scroll labelled GAARGH ICLENIUH.
   810 | D:1      | 810 ||| READING 2 scrolls labelled HARUMU RATICONT.
   811 | D:1      | 811 ||| READING scroll labelled LAIW KIFUWK.
   812 | D:1      | 812 ||| DRINKING 3 amethyst potions.
   813 | D:1      | 813 ||| DRINKING 2 viscous sapphire potions.
   814 | D:1      | 814 ||| DROPPING scroll of immolation.
   815 | D:1      | 815 ||| DROPPING scroll of butterflies.
   817 | D:1      | 817 ||| Stepping ~*~*~tactically~*~*~ (cloud).
   817 | D:1      | HP: 3/16 [poisoned by you (poison gas)]
   818 | D:1      | 818 ||| DRINKING 2 potions of curing.
   818 | D:1      | 818 ||| (to cure poison)
  1022 | D:1      | 1022 ||| Stepping randomly (stuck).
  1082 | D:2      | Noticed Terence
  1093 | D:2      | HP: 3/16 [Terence/+0 trident (7)]
  1094 | D:2      | 1094 ||| DRINKING potion of heal wounds.
  1099 | D:2      | HP: 3/16 [Terence/+0 trident (5)]
  1100 | D:2      | Slain by Terence

Levels and vault maps discovered:
D:1:      minmay_arrival_up_and_down, layout_loops_ring,
          shapermc_ecumenical_altar_gd
D:2:      kennysheep_big_flooded_room, layout_loops_ring, uniq_terence

Skill      XL: |  1  2 |
---------------+-------+-----
Ranged Weapons | 6 |  6.6
Fighting       | |  1.5
Dodging        | |  2.4
Stealth        | |  1.2

Action                     || total
---------------------------++-------
   Fire: Shortbow          ||    93
    Use: Scroll            ||     4
         Potion            ||     4
 Armour: Leather armour    ||     5
  Dodge: Dodged            ||    14

Table legend:
 A = Non-vault XP
 B = Vault XP
 C = Vault XP percentage of total XP
 D = Non-vault monster count
 E = Vault monster count
 F = Vault count percentage of total count
                 A         B        C        D         E       F
            +---------+---------+-------+---------+---------+-------
      Total |      40 |       0 |   0.0 |      22 |       0 |   0.0
            +---------+---------+-------+---------+---------+-------
        D:1 |      37 |       0 |   0.0 |      21 |       0 |   0.0
        D:2 |       3 |       0 |   0.0 |       1 |       0 |   0.0
            +---------+---------+-------+---------+---------+-------
